[Event "Turkish Club Cup 2019"]
[Site "Konya"]
[Date "2019.07.17"]
[Round "3"]
[White "Koc, Bugra Ege"]
[Black "Kaptan, Emre Akin"]
[Result "0-1"]
[ECO "E17"]
[WhiteElo "1493"]
[BlackElo "1883"]
[Annotator "NA"]
[PlyCount "58"]
[EventDate "2019.07.16"]
[EventType "team-tourn"]
[EventCountry "TUR"]
[SourceTitle "playchess.com"]
[Source "ChessBase"]
[SourceQuality "1"]
[TimeControl "5400+30"]

1. d4 Nf6 2. Nf3 e6 3. g3 d5 4. Bg2 Be7 5. O-O O-O 6. c4 b6 7. Nc3 Bb7 8. cxd5 exd5 9. Qc2 Nbd7 10. Rd1 Bd6 11. b3 Re8 12. Bb2 Qe7 13. e3 a6 14. Rac1 Rac8 15. Qb1 Ne4 16. Nxe4 dxe4 17. Nd2 b5 18. Qa1 f5 19. Nb1 Nf6 20. Nc3 Nd5 21. Nxd5 Bxd5 22. Qb1 g5 23. Bh3 Rf8 24. Qc2 Rf6 25. Qe2 Qf7 26. Bg2 Rf8 27. Rf1 Rh6 28. f3 Qh5 29. Rfd1 exf3 0-1

[Event "Turkish Club Cup 2019"]
[Site "Konya"]
[Date "2019.07.17"]
[Round "3"]
[White "Koyuncu, Haticesu"]
[Black "Sen, Nehir"]
[Result "1/2-1/2"]
[ECO "D02"]
[WhiteElo "1454"]
[BlackElo "1307"]
[Annotator "NA"]
[PlyCount "83"]
[EventDate "2019.07.16"]
[EventType "team-tourn"]
[EventCountry "TUR"]
[SourceTitle "playchess.com"]
[Source "ChessBase"]
[SourceQuality "1"]
[TimeControl "5400+30"]

1. d4 Nf6 2. Nf3 d5 3. Bf4 g6 4. e3 Bg7 5. Bd3 O-O 6. Nbd2 c5 7. c3 Qb6 8. Qc1 Nc6 9. O-O Nh5 10. Bg5 f6 11. Bh4 cxd4 12. cxd4 Nb4 13. Ne1 Bd7 14. Qd1 Bh6 15. a3 Nxd3 16. Nxd3 Bb5 17. Nf3 Ng7 18. Re1 Bxd3 19. Qxd3 Nf5 20. Rec1 Rac8 21. b4 Nd6 22. Nd2 Qb5 23. Qb3 Nf5 24. Nf3 b6 25. Bg3 Nxg3 26. hxg3 e6 27. Rc3 Rxc3 28. Qxc3 Qc4 29. Qxc4 dxc4 30. Nd2 Rc8 31. Ne4 f5 32. Nc3 Bg7 33. f4 Kf8 34. Kf2 h5 35. Ke2 Bf6 36. Kd2 h4 37. gxh4 Bxh4 38. Rh1 Bf6 39. g3 Kg7 40. Kc2 a6 41. Ne2 b5 42. Nc3 1/2-1/2

[Event "Turkish Club Cup 2019"]
[Site "Konya"]
[Date "2019.07.17"]
[Round "3"]
[White "Turk, Sarp"]
[Black "Iyiol, Mehmet"]
[Result "0-1"]
[ECO "C11"]
[WhiteElo "1448"]
[BlackElo "1857"]
[Annotator "NA"]
[PlyCount "76"]
[EventDate "2019.07.16"]
[EventType "team-tourn"]
[EventCountry "TUR"]
[SourceTitle "playchess.com"]
[Source "ChessBase"]
[SourceQuality "1"]
[TimeControl "5400+30"]

1. e4 e6 2. Nf3 d5 3. Nc3 Nf6 4. e5 Nfd7 5. d4 c5 6. dxc5 Nc6 7. Bf4 Bxc5 8. Bd3 a6 9. O-O Be7 10. Re1 g5 11. Bg3 h5 12. h3 Rg8 13. Ne2 g4 14. hxg4 hxg4 15. Nfd4 Ndxe5 16. c3 Qb6 17. b3 Bd7 18. Qc2 Rc8 19. Rad1 Rh8 20. Nxc6 Nxc6 21. Nf4 Kf8 22. Qe2 Bf6 23. Rc1 Ne5 24. Nxe6+ Qxe6 25. Bxe5 Bxe5 26. Qxe5 Qh6 27. f3 Re8 28. Qg3 Qb6+ 29. Qf2 Rxe1+ 30. Rxe1 Rh1+ 31. Kxh1 Qxf2 32. Rf1 Qh4+ 33. Kg1 g3 34. Re1 Qh2+ 35. Kf1 Qh1+ 36. Ke2 Qxg2+ 37. Kd1 Qxf3+ 38. Be2 Qxc3 0-1

[Event "Turkish Club Cup 2019"]
[Site "Konya"]
[Date "2019.07.17"]
[Round "3"]
[White "Hekimoglu, Mihriban"]
[Black "Yalcin, Sudenaz"]
[Result "0-1"]
[ECO "A46"]
[WhiteElo "1440"]
[BlackElo "1371"]
[Annotator "NA"]
[PlyCount "110"]
[EventDate "2019.07.16"]
[EventType "team-tourn"]
[EventCountry "TUR"]
[SourceTitle "playchess.com"]
[Source "ChessBase"]
[SourceQuality "1"]
[TimeControl "5400+30"]

1. d4 Nf6 2. Nf3 d6 3. Bg5 g6 4. Bxf6 exf6 5. e4 Bg7 6. Bc4 O-O 7. O-O f5 8. exf5 Bxf5 9. c3 Nc6 10. Nbd2 Qd7 11. Bb3 Rfe8 12. d5 Ne5 13. Nd4 Bd3 14. Re1 Ba6 15. Ba4 b5 16. Bc2 Bb7 17. a4 a6 18. axb5 axb5 19. Rxa8 Rxa8 20. f4 Ng4 21. Nc6 Nf6 22. Re7 Qc8 23. Nf3 Bf8 24. Re1 Qd7 25. Qd4 Nxd5 26. Qxd5 Bxc6 27. Qd3 Bg7 28. Bb3 Bb7 29. Ng5 d5 30. Nf3 c5 31. Bc2 c4 32. Qd2 Qd6 33. Kf1 Qd7 34. Ng5 h6 35. Ne4 Qc7 36. Ng3 Rd8 37. f5 g5 38. Kg1 Be5 39. Nf1 Bc8 40. h3 Qb6+ 41. Kh1 Qf6 42. Ne3 Qd6 43. Ng4 f6 44. Nxh6+ Kg7 45. Ng4 Re8 46. h4 Bf4 47. Qd1 Rh8 48. Kg1 Rxh4 49. Re8 Bh2+ 50. Kf1 Qf4+ 51. Qf3 Qc1+ 52. Bd1 Bf4 53. Rxc8 Rh1+ 54. Kf2 Rxd1 55. Ne3 Rd2+ 0-1

[Event "Turkish Club Cup 2019"]
[Site "Konya"]
[Date "2019.07.17"]
[Round "3"]
[White "Karasakal, Deniz"]
[Black "Cingoz, Isil"]
[Result "1-0"]
[ECO "C01"]
[WhiteElo "1430"]
[BlackElo "1123"]
[Annotator "NA"]
[PlyCount "115"]
[EventDate "2019.07.16"]
[EventType "team-tourn"]
[EventCountry "TUR"]
[SourceTitle "playchess.com"]
[Source "ChessBase"]
[SourceQuality "1"]
[TimeControl "5400+30"]

1. e4 e6 2. d4 d5 3. exd5 exd5 4. Bd3 c5 5. c3 Nc6 6. Ne2 Nf6 7. Bf4 Nh5 8. Be3 c4 9. Bc2 Bd6 10. Ng3 Nxg3 11. hxg3 g6 12. Qf3 Be6 13. Bh6 Rg8 14. Nd2 Qb6 15. Rb1 f5 16. Kf1 O-O-O 17. Bg5 Rd7 18. b3 cxb3 19. Bxb3 Na5 20. Ba4 Qc7 21. Bxd7+ Qxd7 22. Qd3 a6 23. f4 h5 24. Nf3 Qa4 25. Qe2 Bd7 26. Kf2 Re8 27. Ne5 Bb5 28. Qb2 Ba3 29. Qd2 Nc4 30. Nxc4 Qxc4 31. Rhe1 Re4 32. Kg1 Kd7 33. Kh2 Qc7 34. Rb3 Qa5 35. Rxe4 dxe4 36. Qe3 Bc6 37. c4 Bb4 38. Rb2 Bc3 39. Rc2 Bb4 40. d5 Ba4 41. Rb2 Bc5 42. Qc1 b6 43. Re2 b5 44. Qa1 Bf8 45. Qf6 bxc4 46. Qxf8 Qxd5 47. Qd8+ Kc6 48. Qxd5+ Kxd5 49. Bf6 Bb5 50. Rd2+ Kc5 51. a3 e3 52. Bd4+ Kd5 53. Bxe3+ Ke4 54. Bd4 Kd5 55. Bc3+ Kc5 56. Bb4+ Kc6 57. Rd6+ Kb7 58. Rxg6 1-0

[Event "Turkish Club Cup 2019"]
[Site "Konya"]
[Date "2019.07.17"]
[Round "3"]
[White "Koca, Yildiray"]
[Black "Yasin, Hur"]
[Result "0-1"]
[ECO "B28"]
[WhiteElo "1418"]
[BlackElo "1953"]
[Annotator "NA"]
[PlyCount "62"]
[EventDate "2019.07.16"]
[EventType "team-tourn"]
[EventCountry "TUR"]
[SourceTitle "playchess.com"]
[Source "ChessBase"]
[SourceQuality "1"]
[TimeControl "5400+30"]

1. e4 c5 2. Nf3 a6 3. d4 cxd4 4. Nxd4 Nf6 5. Nc3 e5 6. Nf3 Bb4 7. Bc4 Qc7 8. Qd3 b5 9. Bd5 Nxd5 10. exd5 d6 11. O-O Nd7 12. Ne4 h6 13. c3 Ba5 14. Be3 O-O 15. Qd2 f5 16. Bxh6 fxe4 17. Ng5 Nf6 18. Ne6 Bxe6 19. dxe6 gxh6 20. Qxh6 Rae8 21. f4 exf4 22. Rxf4 Qg7 23. Qh3 Bb6+ 24. Kh1 Re7 25. Raf1 Nh7 26. Rxf8+ Nxf8 27. Rf4 Qe5 28. Rf5 Qxe6 29. Qg4+ Ng6 30. h4 e3 31. h5 e2 0-1

[Event "Turkish Club Cup 2019"]
[Site "Konya"]
[Date "2019.07.17"]
[Round "3"]
[White "Kiziltas, Ece Su"]
[Black "Zeybek, Merve"]
[Result "1-0"]
[ECO "D11"]
[WhiteElo "1400"]
[BlackElo "1121"]
[Annotator "NA"]
[PlyCount "47"]
[EventDate "2019.07.16"]
[EventType "team-tourn"]
[EventCountry "TUR"]
[SourceTitle "playchess.com"]
[Source "ChessBase"]
[SourceQuality "1"]
[TimeControl "5400+30"]

1. d4 d5 2. Nf3 Nf6 3. g3 Bf5 4. Bg2 e6 5. O-O Be7 6. c4 c6 7. Nc3 O-O 8. b3 Nbd7 9. Bb2 Re8 10. Nh4 Bg6 11. Nxg6 hxg6 12. e4 Nb6 13. c5 Nc8 14. e5 Nd7 15. h4 f6 16. f4 Kf7 17. h5 gxh5 18. Qxh5+ Kf8 19. f5 Bxc5 20. dxc5 Nxe5 21. fxe6 Rxe6 22. Qh8+ Ke7 23. Qxg7+ Nf7 24. Rae1 1-0

[Event "Turkish Club Cup 2019"]
[Site "Konya"]
[Date "2019.07.17"]
[Round "3"]
[White "Demir, Aleyna"]
[Black "Acar, Selen"]
[Result "1-0"]
[ECO "B70"]
[WhiteElo "1354"]
[BlackElo "1283"]
[Annotator "NA"]
[PlyCount "109"]
[EventDate "2019.07.16"]
[EventType "team-tourn"]
[EventCountry "TUR"]
[SourceTitle "playchess.com"]
[Source "ChessBase"]
[SourceQuality "1"]
[TimeControl "5400+30"]

1. e4 c5 2. Nf3 d6 3. Bb5+ Bd7 4. Bxd7+ Qxd7 5. d4 cxd4 6. Nxd4 Nf6 7. Nc3 g6 8. O-O Bg7 9. Kh1 O-O 10. f3 Nc6 11. Be3 Ne5 12. Bf2 Rac8 13. Qe2 Nh5 14. Nd5 e6 15. Ne3 a6 16. Qd2 Nc4 17. Nxc4 Rxc4 18. c3 d5 19. Nb3 Nf6 20. Rad1 Qc7 21. Bg3 Qc8 22. exd5 Nxd5 23. Qe2 Nf4 24. Bxf4 Rxf4 25. Qd2 Rh4 26. Qg5 Rh5 27. Qe7 Re8 28. Qd7 Be5 29. f4 Bc7 30. Qxc8 Rxc8 31. g3 g5 32. Rd3 gxf4 33. gxf4 Rf5 34. Rdf3 Kh8 35. Nd4 Rh5 36. Ne2 Rd8 37. Ng3 Rh6 38. R3f2 Rd3 39. Ne4 Re3 40. Ng5 Rf6 41. Rf3 Rxf3 42. Rxf3 Bxf4 43. Ne4 Rf5 44. Rh3 b5 45. b4 e5 46. Nc5 Rf6 47. Ne4 Rc6 48. Kg2 f5 49. Nc5 Rg6+ 50. Kf2 Kg8 51. Rh5 Rf6 52. Nd3 Rh6 53. Nxf4 Rxh5 54. Nxh5 Kf7 55. Kf3 1-0

[Event "Turkish Club Cup 2019"]
[Site "Konya"]
[Date "2019.07.17"]
[Round "3"]
[White "Dogan, Eylem Su"]
[Black "Ozgur, Sina"]
[Result "0-1"]
[ECO "D94"]
[WhiteElo "1285"]
[BlackElo "1524"]
[Annotator "NA"]
[PlyCount "86"]
[EventDate "2019.07.16"]
[EventType "team-tourn"]
[EventCountry "TUR"]
[SourceTitle "playchess.com"]
[Source "ChessBase"]
[SourceQuality "1"]
[TimeControl "5400+30"]

1. d4 Nf6 2. c4 g6 3. Nc3 d5 4. Nf3 Bg7 5. e3 O-O 6. Bd3 c5 7. b3 Nc6 8. Bb2 cxd4 9. Nxd4 e5 10. Nxc6 bxc6 11. cxd5 cxd5 12. Bb5 Qd6 13. O-O a6 14. Be2 Rd8 15. Rc1 Bb7 16. Qd3 Rac8 17. Rcd1 Rc7 18. h3 Rcd7 19. Na4 d4 20. exd4 exd4 21. f3 Nh5 22. Bc1 Qg3 23. Rf2 Be5 24. f4 Nxf4 25. Qxg3 Nxe2+ 26. Rxe2 Bxg3 27. Rd3 Bh4 28. Bf4 Bc6 29. Nb6 Bb5 30. Nxd7 Bxd3 31. Rd2 Rxd7 32. Rxd3 Be1 33. Bd2 Bxd2 34. Rxd2 f5 35. Kf2 Kf7 36. Kf3 Ke6 37. g3 h6 38. Kf4 g5+ 39. Kf3 Kd5 40. Rd1 Rc7 41. Ke2 Rc2+ 42. Kd3 Rc3+ 43. Ke2 Rxg3 0-1

[Event "Turkish Club Cup 2019"]
[Site "Konya"]
[Date "2019.07.17"]
[Round "3"]
[White "Ozkan, Elif"]
[Black "Yalcin, Nehir"]
[Result "0-1"]
[ECO "E61"]
[WhiteElo "1240"]
[BlackElo "1392"]
[Annotator "NA"]
[PlyCount "65"]
[EventDate "2019.07.16"]
[EventType "team-tourn"]
[EventCountry "TUR"]
[SourceTitle "playchess.com"]
[Source "ChessBase"]
[SourceQuality "1"]
[TimeControl "5400+30"]

1. d4 Nf6 2. c4 g6 3. Nc3 Bg7 4. Bg5 d6 5. Bxf6 Bxf6 6. e3 Nd7 7. Nf3 Bg7 8. Qc2 O-O 9. Bd3 c5 10. d5 Ne5 11. Nxe5 Bxe5 12. Rc1 Bd7 13. Qd2 a6 14. h4 h5 15. f4 Bg7 16. Ne2 Qc8 17. Ng3 b5 18. Qc2 Rb8 19. Rb1 Ra8 20. a3 Rb8 21. Rf1 Bf6 22. Rh1 Bg4 23. cxb5 axb5 24. f5 Be5 25. Ne2 c4 26. fxg6 cxd3 27. gxf7+ Rxf7 28. Qxd3 Qf5 29. Qxf5 Bxf5 30. Rd1 Bxb2 31. Ng3 Bc3+ 32. Kf2 Bg4+ 33. Kg1 0-1

[Event "Turkish Club Cup 2019"]
[Site "Konya"]
[Date "2019.07.17"]
[Round "3"]
[White "Sahbaz, Bartu"]
[Black "Ince, Eray"]
[Result "0-1"]
[ECO "B06"]
[WhiteElo "1237"]
[BlackElo "1459"]
[Annotator "NA"]
[PlyCount "54"]
[EventDate "2019.07.16"]
[EventType "team-tourn"]
[EventCountry "TUR"]
[SourceTitle "playchess.com"]
[Source "ChessBase"]
[SourceQuality "1"]
[TimeControl "5400+30"]

1. d4 g6 2. Nf3 Bg7 3. e4 d6 4. Bc4 Nf6 5. Qe2 O-O 6. O-O Bg4 7. Nbd2 Nc6 8. c3 e5 9. h3 Bxf3 10. Nxf3 exd4 11. Nxd4 Nxd4 12. cxd4 d5 13. e5 Re8 14. Bb3 Ne4 15. h4 Qxh4 16. Bxd5 Ng3 17. fxg3 Qxd4+ 18. Qf2 Qxd5 19. Bf4 Bxe5 20. Bxe5 Rxe5 21. Rad1 Qe6 22. Rc1 Rf5 23. Qc2 Qe3+ 24. Rf2 Rxf2 25. Qxf2 Qxc1+ 26. Kh2 Rd8 27. g4 Qh6+ 0-1

[Event "Turkish Club Cup 2019"]
[Site "Konya"]
[Date "2019.07.17"]
[Round "3"]
[White "Sarac, Ayca"]
[Black "Temel, Burcu Melis"]
[Result "0-1"]
[ECO "A85"]
[WhiteElo "1142"]
[BlackElo "1790"]
[Annotator "NA"]
[PlyCount "52"]
[EventDate "2019.07.16"]
[EventType "team-tourn"]
[EventCountry "TUR"]
[SourceTitle "playchess.com"]
[Source "ChessBase"]
[SourceQuality "1"]
[TimeControl "5400+30"]

1. d4 e6 2. c4 d5 3. Nc3 f5 4. Nf3 Nf6 5. Bg5 c6 6. e3 Bd6 7. Qc2 O-O 8. Bd3 h6 9. Bh4 Qe8 10. O-O-O Na6 11. a3 dxc4 12. Bxc4 b5 13. Bb3 b4 14. axb4 Nxb4 15. Qe2 Nfd5 16. Bg3 Be7 17. Ne5 a5 18. Ba4 Ba6 19. Qd2 Bb5 20. b3 Nxc3 21. Rde1 Bxa4 22. bxa4 Nba2+ 23. Kc2 c5 24. Kd3 Qxa4 25. Nc4 Rac8 26. Ra1 cxd4 0-1

[Event "Turkish Club Cup 2019"]
[Site "Konya"]
[Date "2019.07.17"]
[Round "3"]
[White "Vanlioglu, Ece"]
[Black "Yorgun, Yaren Naz"]
[Result "0-1"]
[ECO "C11"]
[WhiteElo "1096"]
[BlackElo "1819"]
[Annotator "NA"]
[PlyCount "104"]
[EventDate "2019.07.16"]
[EventType "team-tourn"]
[EventCountry "TUR"]
[SourceTitle "playchess.com"]
[Source "ChessBase"]
[SourceQuality "1"]
[TimeControl "5400+30"]

1. e4 e6 2. Nf3 d5 3. Nc3 Nf6 4. e5 Nfd7 5. d4 c5 6. dxc5 Bxc5 7. Bd3 Be7 8. O-O Nc6 9. Bf4 a6 10. Qe2 O-O 11. Rfd1 Re8 12. h3 Nf8 13. a3 Bd7 14. Nh2 f6 15. Ng4 Nxe5 16. Nxe5 fxe5 17. Bxe5 Bf6 18. Re1 Bc6 19. Qh5 Bxe5 20. Rxe5 Qf6 21. Rae1 Re7 22. Ne2 g6 23. Qg5 Qxg5 24. Rxg5 e5 25. Nd4 e4 26. Nf5 Ree8 27. Be2 Ne6 28. Rg4 Bd7 29. Nd6 Rf8 30. c4 Nf4 31. Rg5 Bc6 32. cxd5 Bxd5 33. Bg4 h6 34. Rxd5 Nxd5 35. Be6+ Kg7 36. Bxd5 Rad8 37. Bxb7 Rxd6 38. Rxe4 Rd1+ 39. Kh2 Rxf2 40. b4 Rd6 41. a4 Rf7 42. Ba8 Rf8 43. Bb7 Rb8 44. Re7+ Kf6 45. Rh7 Rb6 46. Bf3 Rxb4 47. Rxh6 Kg7 48. Rh5 gxh5 49. Bxh5 Rxa4 50. g4 Ra3 51. h4 Rb2+ 52. Kg1 Ra1# 0-1

[Event "Turkish Club Cup 2019"]
[Site "Konya"]
[Date "2019.07.18"]
[Round "4"]
[White "Dogan, Ali Ekber"]
[Black "Ersahin, Bulent"]
[Result "1-0"]
[ECO "A64"]
[WhiteElo "2200"]
[BlackElo "2179"]
[Annotator "NA"]
[PlyCount "65"]
[EventDate "2019.07.16"]
[EventType "team-tourn"]
[EventCountry "TUR"]
[SourceTitle "playchess.com"]
[Source "ChessBase"]
[SourceQuality "1"]
[TimeControl "5400+30"]

1. d4 Nf6 2. c4 c5 3. d5 e6 4. g3 exd5 5. cxd5 d6 6. Nc3 g6 7. Bg2 Bg7 8. Nf3 O-O 9. O-O Re8 10. Nd2 a6 11. a4 Nbd7 12. h3 Rb8 13. Nc4 Ne5 14. Na3 Nh5 15. e4 Bd7 16. g4 Nf6 17. g5 Nh5 18. f4 b5 19. fxe5 b4 20. Nc4 bxc3 21. bxc3 Rxe5 22. Qf3 Re7 23. Nxd6 Bxh3 24. Nxf7 Bxg2 25. Nxd8 Bxf3 26. Nc6 Rf7 27. Nxb8 Bxc3 28. Ra3 Ng3 29. Rxc3 Ne2+ 30. Kh2 Nxc3 31. d6 Be2 32. Rxf7 Kxf7 33. Bb2 1-0

[Event "Turkish Club Cup 2019"]
[Site "Konya"]
[Date "2019.07.18"]
[Round "4"]
[White "Gokcek, Kursat Bugra"]
[Black "Guner, Bulent"]
[Result "0-1"]
[ECO "A47"]
[WhiteElo "2150"]
[BlackElo "1979"]
[Annotator "NA"]
[PlyCount "70"]
[EventDate "2019.07.16"]
[EventType "team-tourn"]
[EventCountry "TUR"]
[SourceTitle "playchess.com"]
[Source "ChessBase"]
[SourceQuality "1"]
[TimeControl "5400+30"]

1. d4 Nf6 2. Bf4 b6 3. e3 Bb7 4. Nd2 e6 5. h3 Be7 6. Ngf3 O-O 7. Bd3 d6 8. O-O c5 9. c3 Nbd7 10. Bh2 Re8 11. a4 a6 12. Re1 Bf8 13. Nc4 Qc7 14. Rc1 b5 15. axb5 axb5 16. Na3 c4 17. Bb1 Qb6 18. e4 e5 19. d5 Nc5 20. Qe2 g6 21. Qe3 Ba6 22. Nd2 Rab8 23. Bc2 Rec8 24. Kh1 Ncd7 25. Qf3 Bh6 26. Rcd1 b4 27. cxb4 Qxb4 28. Ndb1 Qxb2 29. g4 Bg7 30. Rg1 Nc5 31. Bg3 Nb3 32. Bh4 Ne8 33. Bg5 Nd4 34. Qg2 c3 35. Rc1 Be2 0-1

[Event "Turkish Club Cup 2019"]
[Site "Konya"]
[Date "2019.07.18"]
[Round "4"]
[White "Cetinkaya, Vedat Ali"]
[Black "Mecit, Emre"]
[Result "0-1"]
[ECO "A30"]
[WhiteElo "2074"]
[BlackElo "2065"]
[Annotator "NA"]
[PlyCount "82"]
[EventDate "2019.07.16"]
[EventType "team-tourn"]
[EventCountry "TUR"]
[SourceTitle "playchess.com"]
[Source "ChessBase"]
[SourceQuality "1"]
[TimeControl "5400+30"]

1. Nf3 Nf6 2. g3 g6 3. b3 Bg7 4. Bb2 O-O 5. Bg2 c5 6. c4 Nc6 7. O-O d6 8. Nc3 a6 9. d3 Rb8 10. Qd2 b5 11. Rfd1 Re8 12. Ng5 Nd4 13. e3 Ne6 14. Nge4 Bb7 15. Nxf6+ Bxf6 16. Nd5 Bxb2 17. Qxb2 Nc7 18. Nf4 Bxg2 19. Kxg2 Qd7 20. Rac1 Ne6 21. Nd5 Ng5 22. Qe2 Ne6 23. f4 Nc7 24. Nc3 f5 25. Qf3 b4 26. Nd5 Nxd5 27. Qxd5+ e6 28. Qf3 e5 29. Qd5+ Qe6 30. Qxe6+ Rxe6 31. Kf2 a5 32. d4 cxd4 33. exd4 exf4 34. gxf4 Re4 35. Kf3 Rbe8 36. Rd3 Re2 37. c5 Rxh2 38. Kg3 Ree2 39. cxd6 Reg2+ 40. Kf3 Rxa2 41. Kg3 h5 0-1

[Event "Turkish Club Cup 2019"]
[Site "Konya"]
[Date "2019.07.18"]
[Round "4"]
[White "Cingoz, Ozan"]
[Black "Dogan, Osman Fatih"]
[Result "1/2-1/2"]
[ECO "D02"]
[WhiteElo "2030"]
[BlackElo "1787"]
[Annotator "NA RC"]
[PlyCount "149"]
[EventDate "2019.07.16"]
[EventType "team-tourn"]
[EventCountry "TUR"]
[SourceTitle "playchess.com"]
[Source "ChessBase"]
[SourceQuality "1"]
[TimeControl "5400+30"]

1. d4 Nf6 2. Nf3 d5 3. Bf4 c5 4. c3 Qb6 5. Qb3 Nc6 6. e3 c4 7. Qc2 Bf5 8. Qc1 e6 9. h3 {[%emt 0:08:30] D02: 1 d4 d5 2 Nf3 sidelines, including 2...Nf6 3 g3 and 2...Nf6 3 Bf4} (9. Nbd2 Qd8 10. h3 h6 11. Be2 Be7 12. O-O O-O 13. Bd1 b5 14. Bc2 Bxc2 15. Qxc2 Bd6 16. Bxd6 Qxd6 17. e4 dxe4 18. Nxe4 Nxe4 19. Qxe4 Qd5 20. Qxd5 exd5 {1-0 (51) Nisipeanu,L (2674)-Parligras,M (2645) Bucharest 2018}) 9... Be7 10. Be2 $146 ({Predecessor:} 10. Nbd2 h6 11. Be2 O-O {½-½ (45) Tanda,G (1983)-Nunez Ravelo,A (1877) FICGS email 2010}) 10... O-O 11. O-O h6 12. Nbd2 Rfc8 13. Bd1 Qd8 14. Bc2 Bxc2 15. Qxc2 b5 16. e4 a5 17. a4 b4 18. Rfe1 b3 19. Qd1 Nb8 20. e5 Nh7 21. Nh2 Nd7 22. Re3 Nhf8 23. Rg3 Bh4 24. Rf3 Ra7 25. Ng4 h5 26. Nh2 Ng6 27. Ndf1 Ngf8 28. g4 hxg4 29. Nxg4 Ng6 30. Ng3 Ndf8 31. Bd2 Nh7 32. Kh2 Ng5 33. Bxg5 Bxg5 34. Ne2 Nh4 35. Rg3 Nf5 36. Rg1 g6 37. f4 Bh4 38. Qd2 Kg7 39. Ne3 Nxe3 40. Qxe3 Qh8 41. Qf3 Kf8 42. Rg4 Ke7 43. Kg2 Rg8 44. Rh1 Raa8 45. Ng1 Qh5 46. Qf1 Kd7 47. Nf3 Be7 48. Ng5 Raf8 49. Qf2 Rh8 50. Qe3 Qh6 51. Rg3 Qg7 52. Rf1 Rh5 53. f5 Bxg5 54. fxe6+ fxe6 55. Rxg5 Rxf1 56. Kxf1 Qh6 57. Rg3 Rf5+ 58. Kg2 Qh5 59. Rf3 Ke7 60. Rxf5 gxf5 61. Qf3 Qh4 62. Qe3 Kf7 63. Qf3 $15 Qe4 64. Qxe4 fxe4 65. Kg3 Kg6 66. Kg4 Kh6 67. Kh4 Kg7 68. Kg4 Kg6 69. h4 Kh6 70. h5 Kh7 71. Kh4 Kg7 72. Kg4 Kh6 73. Kh4 e3 74. Kg3 Kxh5 75. Kf3 1/2-1/2

[Event "Turkish Club Cup 2019"]
[Site "Konya"]
[Date "2019.07.18"]
[Round "4"]
[White "Caputcuoglu, Zeki Berke"]
[Black "Yalcin, Ozgun"]
[Result "1/2-1/2"]
[ECO "B79"]
[WhiteElo "2010"]
[BlackElo "1881"]
[Annotator "NA"]
[PlyCount "60"]
[EventDate "2019.07.16"]
[EventType "team-tourn"]
[EventCountry "TUR"]
[SourceTitle "playchess.com"]
[Source "ChessBase"]
[SourceQuality "1"]
[TimeControl "5400+30"]

1. Nf3 c5 2. e4 d6 3. d4 cxd4 4. Nxd4 Nf6 5. Nc3 g6 6. Be3 Bg7 7. f3 O-O 8. Qd2 Nc6 9. Bc4 Bd7 10. O-O-O Qa5 11. Bb3 Rfc8 12. g4 Ne5 13. h4 Rc4 14. Bxc4 Nxc4 15. Qd3 Qb4 16. Nb3 Nxe4 17. fxe4 Bxc3 18. Bd4 Bxd4 19. Qxd4 Bxg4 20. Rdf1 h5 21. Rh2 Qb5 22. Rhf2 Ne5 23. Kb1 a6 24. Nc1 Be6 25. Nd3 Qc4 26. Qxc4 Bxc4 27. Rd1 Ng4 28. Rfd2 f6 29. Nf4 Bf7 30. b3 b5 1/2-1/2

[Event "Turkish Club Cup 2019"]
[Site "Konya"]
[Date "2019.07.18"]
[Round "4"]
[White "Cakiroglu, Metin"]
[Black "Eroz, Enis"]
[Result "1/2-1/2"]
[ECO "B26"]
[WhiteElo "1970"]
[BlackElo "1618"]
[Annotator "NA RC"]
[PlyCount "111"]
[EventDate "2019.07.16"]
[EventType "team-tourn"]
[EventCountry "TUR"]
[SourceTitle "playchess.com"]
[Source "ChessBase"]
[SourceQuality "1"]
[TimeControl "5400+30"]

1. e4 c5 2. Nc3 Nc6 3. g3 g6 4. Bg2 Bg7 5. d3 d6 6. Be3 h5 7. h3 Nf6 8. Qd2 Bd7 9. Nge2 Qa5 10. a4 a6 11. Ra3 e5 12. Rb3 Nd4 13. Ra3 Qb6 14. Nd1 Be6 15. Nc1 h4 16. c3 Nc6 17. g4 Rd8 18. b4 Nd7 19. Nb3 Bxb3 20. Rxb3 Qc7 21. Nb2 Ne7 22. O-O f5 23. exf5 gxf5 24. gxf5 Nxf5 25. Bg5 Rb8 26. bxc5 Nxc5 27. Rb4 Ne6 28. Bd5 Kd7 29. Nc4 b5 30. Na3 Bh6 31. Bxh6 Rxh6 32. axb5 Rg6+ 33. Kh2 Qc5 34. Be4 Rf8 35. Rg1 Ng3 36. Bc6+ Ke7 37. d4 exd4 38. cxd4 Qf5 39. fxg3 hxg3+ 40. Rxg3 Rxg3 41. Kxg3 d5 42. Rb3 Rg8+ 43. Kh2 Ng5 44. Nc2 Ne4 45. Qe1 Qf4+ 46. Kh1 Kd8 47. Qa5+ Ke7 48. Qa3+ Kd8 49. Rf3 Ng3+ 50. Kg2 Qd2+ 51. Kg1 Ne4+ 52. Kf1 Qg2+ 53. Ke1 Qd2+ 54. Kf1 Qg2+ 55. Ke1 Qd2+ 56. Kf1 1/2-1/2

[Event "Turkish Club Cup 2019"]
[Site "Konya"]
[Date "2019.07.18"]
[Round "4"]
[White "Yasin, Hur"]
[Black "Taskaya, Muhammed"]
[Result "1/2-1/2"]
[ECO "C00"]
[WhiteElo "1953"]
[BlackElo "2011"]
[Annotator "NA RC"]
[PlyCount "106"]
[EventDate "2019.07.16"]
[EventType "team-tourn"]
[EventCountry "TUR"]
[SourceTitle "playchess.com"]
[Source "ChessBase"]
[SourceQuality "1"]
[TimeControl "5400+30"]

1. e4 e6 2. Nf3 d5 3. e5 c5 4. b4 cxb4 5. a3 bxa3 6. c3 Bd7 7. d4 Nc6 8. Bd3 h6 9. O-O Na5 10. Nxa3 a6 11. Nd2 Rc8 12. Bb2 Bxa3 13. Rxa3 Bb5 14. Bxb5+ axb5 15. Qa1 b6 16. Rb1 Ne7 17. Bc1 Qd7 18. Qb2 Nc4 19. Nxc4 dxc4 20. Qxb5 Qxb5 21. Rxb5 Nd5 22. Rb1 Kd7 23. Rba1 Kc6 24. Kf1 Nc7 25. Ra4 Kd5 26. Ba3 Ra8 27. Bd6 Rxa4 28. Rxa4 Nb5 29. Bb4 Rc8 30. Ke2 g6 31. Kd2 Nc7 32. Ra7 Kc6 33. Bd6 Nb5 34. Rxf7 Nxd6 35. exd6 Kxd6 36. Rb7 Kc6 37. Rg7 g5 38. Rg6 Kd6 39. Rxh6 Ra8 40. Rh3 Ra2+ 41. Ke1 Ra1+ 42. Ke2 Ra2+ 43. Kf3 Rc2 44. Kg4 Rxf2 45. Rg3 Rf5 46. Rf3 b5 47. Re3 Kd5 48. g3 b4 49. cxb4 Kxd4 50. Rxe6 Rb5 51. Rd6+ Kc3 52. h4 gxh4 53. gxh4 Kxb4 1/2-1/2

[Event "Turkish Club Cup 2019"]
[Site "Konya"]
[Date "2019.07.18"]
[Round "4"]
[White "Salman, Ilhan Serhat"]
[Black "Aydin, Ismail"]
[Result "1-0"]
[ECO "A49"]
[WhiteElo "1950"]
[BlackElo "1896"]
[Annotator "NA RC"]
[PlyCount "141"]
[EventDate "2019.07.16"]
[EventType "team-tourn"]
[EventCountry "TUR"]
[SourceTitle "playchess.com"]
[Source "ChessBase"]
[SourceQuality "1"]
[TimeControl "5400+30"]

1. Nf3 Nf6 2. g3 c5 3. d4 cxd4 4. Nxd4 g6 5. Bg2 Bg7 6. O-O O-O 7. e4 Nc6 8. c3 Qb6 9. Nb3 d6 10. Be3 Qa6 11. h3 Be6 12. Re1 Rad8 13. Na3 Ne5 14. Nd4 Bd7 15. Bf1 Qa4 16. Qxa4 Bxa4 17. f4 Nc6 18. b3 Nxd4 19. Bxd4 Bc6 20. Bg2 e5 21. fxe5 dxe5 22. Bc5 Rfe8 23. Bxa7 Rd3 24. Bf2 Rxc3 25. Nc4 Nh5 26. Rac1 Rd3 27. Bf1 Rd7 28. Na5 Bh6 29. Be3 Bxe3+ 30. Rxe3 Re6 31. Nxc6 bxc6 32. Be2 Rd2 33. Bxh5 gxh5 34. a4 h4 35. Ra1 Rf6 36. Rf1 Rg6 37. Rf2 Rd1+ 38. Kg2 Rd4 39. Ra2 c5 40. a5 Ra6 41. gxh4 Rb4 42. h5 Rb5 43. Kg3 Rbxa5 44. Rxa5 Rxa5 45. Kg4 Ra1 46. Kf5 Ra3 47. Rc3 Kg7 48. Rxc5 Rxb3 49. Kg4 Kf6 50. Rc6+ Ke7 51. Rc7+ Ke6 52. Rc6+ Ke7 53. Rh6 f6 54. Rxh7+ Ke6 55. Ra7 Re3 56. Ra6+ Kf7 57. Ra7+ Ke6 58. Ra6+ Kf7 59. Ra7+ Ke6 60. h6 Rxe4+ 61. Kh5 Rd4 62. h7 Rd8 63. Kg6 e4 64. Ra6+ Ke5 65. Rxf6 e3 66. Rf7 Rd6+ 67. Kg5 Rd8 68. Re7+ Kd4 69. Kg6 e2 70. Rxe2 Rd6+ 71. Kf7 1-0